TOP OF THE 1ST |
Round Rock Express batting - Pitching for Nashville Sounds : LHP Josh Thorpe
|
Pitching: LHP Josh Thorpe
|
|
Batting: RHB Zhi-bin Ou-yang
|
0-0: Swinging Strike 0-1: Foul Ball, location: 2F 0-2: Ball 1-2: Foul Ball, location: 2F 1-2: Strikes out looking
|
Batting: SHB David Simpson
|
0-0: Foul Ball, location: 2F 0-1: Fly out, F8 (Flyball, 8RD, EV 88.8 MPH)
|
Batting: RHB Luis Villanueva
|
0-0: Ball 1-0: Ball 2-0: Ground out 5-3 (Groundball, 56S, EV 90.6 MPH)
|
Top of the 1st over - 0 runs, 0 hits, 0 errors, 0 left on base; Round Rock 0 - Nashville 0 |
BOTTOM OF THE 1ST |
Nashville Sounds batting - Pitching for Round Rock Express : RHP Dustin Noriega
|
Pitching: RHP Dustin Noriega
|
|
Batting: LHB Zachary DeLuca
|
0-0: Called Strike 0-1: Called Strike 0-2: Ball 1-2: Ball 2-2: Strikes out swinging
|
Batting: RHB Robby Godwin
|
0-0: Ball 1-0: SINGLE (Groundball, 56D, EV 87.5 MPH) (infield hit)
|
Batting: RHB Chris Stillions
|
0-0: Called Strike Robby Godwin steals 2nd, throwing error, E2 Robby Godwin to third 0-1: Ball 1-1: Ball 2-1: Called Strike 2-2: Ground out 5-3 (Groundball, 56S, EV 83.1 MPH) Robby Godwin scores
|
Batting: RHB Dusty Thompson
|
0-0: Ball 1-0: Called Strike 1-1: Swinging Strike 1-2: Foul Ball, location: 2F 1-2: Foul Ball, location: 2F 1-2: Ball 2-2: Fly out, F8 (Flyball, 8LS, EV 86.9 MPH)
|
Bottom of the 1st over - 1 run, 1 hit, 1 error, 0 left on base; Round Rock 0 - Nashville 1 |
TOP OF THE 2ND |
Round Rock Express batting - Pitching for Nashville Sounds : LHP Josh Thorpe
|
Batting: RHB Orlando Suarez
|
0-0: Foul Ball, location: 2F 0-1: Ball 1-1: Foul Ball, location: 2F 1-2: Ground out 4-3 (Groundball, 34, EV 91.9 MPH)
|
Batting: RHB Alan Oxenrider
|
0-0: Fly out, F9 (Flyball, 9, EV 74.4 MPH)
|
Batting: RHB Ernie Weathersbee
|
0-0: Ball 1-0: Ball 2-0: Fly out, F9 (Flyball, 89M, EV 87.5 MPH)
|
Top of the 2nd over - 0 runs, 0 hits, 0 errors, 0 left on base; Round Rock 0 - Nashville 1 |
BOTTOM OF THE 2ND |
Nashville Sounds batting - Pitching for Round Rock Express : RHP Dustin Noriega
|
Batting: SHB Rich Muniz
|
0-0: Called Strike 0-1: Ground out 6-3 (Groundball, P, EV 92.5 MPH)
|
Batting: RHB Jorge Bernal
|
0-0: Ball 1-0: Fly out, F8 (Flyball, 78M, EV 78.8 MPH)
|
Batting: RHB Eduardo Chavez
|
0-0: Called Strike 0-1: SINGLE (Groundball, 23, EV 72.5 MPH) (infield hit)
|
Batting: RHB Hyeong-uk Lyang
|
0-0: Ball 1-0: Called Strike 1-1: Ball 2-1: Swinging Strike 2-2: Ball 3-2: Strikes out swinging
|
Bottom of the 2nd over - 0 runs, 1 hit, 0 errors, 1 left on base; Round Rock 0 - Nashville 1 |
TOP OF THE 3RD |
Round Rock Express batting - Pitching for Nashville Sounds : LHP Josh Thorpe
|
Batting: RHB Jimmy Hammertime
|
0-0: Ground out 3-1 (Groundball, 34S, EV 86.9 MPH)
|
Batting: LHB Pauli Gassinger
|
0-0: Ball 1-0: Called Strike 1-1: Foul Ball, location: 2F 1-2: Foul Ball, location: 2F 1-2: Strikes out looking
|
Batting: RHB Rick Concha
|
0-0: Called Strike 0-1: Swinging Strike 0-2: Ball 1-2: Ball 2-2: Ball 3-2: Strikes out swinging
|
Top of the 3rd over - 0 runs, 0 hits, 0 errors, 0 left on base; Round Rock 0 - Nashville 1 |
BOTTOM OF THE 3RD |
Nashville Sounds batting - Pitching for Round Rock Express : RHP Dustin Noriega
|
Batting: RHB D.J. Torres
|
0-0: Ball 1-0: Foul Ball, location: 2F 1-1: Ball 2-1: Ball 3-1: Ground out 5-3 (Groundball, 56S, EV 91.3 MPH)
|
Batting: LHB Zachary DeLuca
|
0-0: Foul Ball, location: 2F 0-1: Fly out, F9 (Line Drive, 9, EV 93.1 MPH)
|
Batting: RHB Robby Godwin
|
0-0: Reached on error, E5 (Groundball, 5S, EV 88.8 MPH)
|
Batting: RHB Chris Stillions
|
0-0: Ball Robby Godwin is caught stealing 2nd base 2-4
|
Bottom of the 3rd over - 0 runs, 0 hits, 1 error, 0 left on base; Round Rock 0 - Nashville 1 |
TOP OF THE 4TH |
Round Rock Express batting - Pitching for Nashville Sounds : LHP Josh Thorpe
|
Batting: RHB Zhi-bin Ou-yang
|
0-0: SINGLE (Groundball, 4MD, EV 95.6 MPH)
|
Batting: SHB David Simpson
|
0-0: Ball 1-0: Ball 2-0: Called Strike 2-1: Fly out, F9 (Flyball, 9LM, EV 90.6 MPH)
|
Batting: RHB Luis Villanueva
|
0-0: Ball 1-0: Swinging Strike 1-1: Ball 2-1: Called Strike 2-2: Ball 3-2: Base on Balls Zhi-bin Ou-yang to second
|
Batting: RHB Orlando Suarez
|
0-0: Called Strike 0-1: Called Strike 0-2: Ball 1-2: Strikes out swinging
|
Batting: RHB Alan Oxenrider
|
0-0: Ball 1-0: SINGLE (Groundball, 6MD, EV 99.4 MPH) Zhi-bin Ou-yang to third Luis Villanueva to second Runner from 3rd tries for Home, SAFE, throw by CF to home
|
Batting: RHB Ernie Weathersbee
|
0-0: Ball 1-0: Ball 2-0: Ground out 5-3 (Groundball, 25, EV 86.3 MPH)
|
Top of the 4th over - 1 run, 2 hits, 0 errors, 2 left on base; Round Rock 1 - Nashville 1 |
BOTTOM OF THE 4TH |
Nashville Sounds batting - Pitching for Round Rock Express : RHP Dustin Noriega
|
Batting: RHB Chris Stillions
|
0-0: Foul Ball, location: 2F 0-1: Ball 1-1: Ball 2-1: Swinging Strike 2-2: Foul Ball, location: 2F 2-2: Fly out, F7 (Flyball, 7, EV 81.3 MPH)
|
Batting: RHB Dusty Thompson
|
0-0: Ball 1-0: Called Strike 1-1: Foul Ball, location: 2F 1-2: Ball 2-2: Ground out 6-3 (Groundball, 56, EV 101.9 MPH)
|
Batting: SHB Rich Muniz
|
0-0: Called Strike 0-1: Fly out, F7 (Flyball, 7LM, EV 99.4 MPH)
|
Bottom of the 4th over - 0 runs, 0 hits, 0 errors, 0 left on base; Round Rock 1 - Nashville 1 |
TOP OF THE 5TH |
Round Rock Express batting - Pitching for Nashville Sounds : LHP Josh Thorpe
|
Batting: RHB Jimmy Hammertime
|
0-0: Ball 1-0: Ground out 5-3 (Groundball, 15, EV 77.5 MPH)
|
Batting: LHB Pauli Gassinger
|
0-0: Called Strike 0-1: Called Strike 0-2: Ball 1-2: Fly out, F9 (Flyball, 9, EV 90.0 MPH)
|
Batting: RHB Rick Concha
|
0-0: Ball 1-0: Ball 2-0: Ball 3-0: Called Strike 3-1: Fly out, F9 (Line Drive, 9, EV 90.0 MPH)
|
Top of the 5th over - 0 runs, 0 hits, 0 errors, 0 left on base; Round Rock 1 - Nashville 1 |
BOTTOM OF THE 5TH |
Nashville Sounds batting - Pitching for Round Rock Express : RHP Dustin Noriega
|
Batting: RHB Jorge Bernal
|
0-0: Ball 1-0: Fly out, F9 (Line Drive, 9, EV 93.1 MPH)
|
Batting: RHB Eduardo Chavez
|
0-0: Ground out 1-3 (Groundball, 13S, EV 70.0 MPH)
|
Batting: RHB Hyeong-uk Lyang
|
0-0: Fly out, F9 (Flyball, 89S, EV 91.3 MPH)
|
Bottom of the 5th over - 0 runs, 0 hits, 0 errors, 0 left on base; Round Rock 1 - Nashville 1 |
TOP OF THE 6TH |
Round Rock Express batting - Pitching for Nashville Sounds : LHP Josh Thorpe
|
Batting: RHB Zhi-bin Ou-yang
|
0-0: Ball 1-0: Fly out, F5 (Line Drive, 5, EV 72.5 MPH)
|
Batting: SHB David Simpson
|
0-0: Ball 1-0: Called Strike 1-1: Swinging Strike 1-2: Fly out, F4 (Popup, 34S, EV 85.6 MPH)
|
Batting: RHB Luis Villanueva
|
0-0: Ball 1-0: Ball 2-0: Called Strike 2-1: Foul Ball, location: 2F 2-2: Foul Ball, location: 2F 2-2: Ball 3-2: Base on Balls
|
Batting: RHB Orlando Suarez
|
0-0: Fly out, F9 (Flyball, 9S, EV 94.4 MPH)
|
Top of the 6th over - 0 runs, 0 hits, 0 errors, 1 left on base; Round Rock 1 - Nashville 1 |
BOTTOM OF THE 6TH |
Nashville Sounds batting - Pitching for Round Rock Express : RHP Dustin Noriega
|
Batting: RHB D.J. Torres
|
0-0: Ball 1-0: Foul Ball, location: 2F 1-1: SOLO HOME RUN (Flyball, 78XD, EV 101.3 MPH), Distance : 381 ft
|
Batting: LHB Zachary DeLuca
|
0-0: Ball 1-0: Ball 2-0: Ball 3-0: Called Strike 3-1: Ground out 4-3 (Groundball, 4, EV 93.8 MPH)
|
Batting: RHB Robby Godwin
|
0-0: Ball 1-0: Called Strike 1-1: Ball 2-1: Ball 3-1: Swinging Strike 3-2: Ground out 6-3 (Groundball, 6, EV 98.8 MPH)
|
Batting: RHB Chris Stillions
|
0-0: Ball 1-0: Called Strike 1-1: Foul Ball, location: 2F 1-2: Foul Ball, location: 2F 1-2: Strikes out swinging, 2-3 out at first.
|
Bottom of the 6th over - 1 run, 1 hit, 0 errors, 0 left on base; Round Rock 1 - Nashville 2 |
TOP OF THE 7TH |
Round Rock Express batting - Pitching for Nashville Sounds : LHP Josh Thorpe
|
Batting: RHB Alan Oxenrider
|
0-0: Called Strike 0-1: Ball 1-1: Foul Ball, location: 2F 1-2: Ball 2-2: Hit by Pitch
|
Batting: RHB Ernie Weathersbee
|
0-0: Ball 1-0: Ball 2-0: Swinging Strike 2-1: Foul Ball, location: 2F 2-2: Foul Ball, location: 2F 2-2: Ball 3-2: Base on Balls Alan Oxenrider to second
|
Pinch Runner at 2nd Gavin Fimple:
|
|
Batting: RHB Jimmy Hammertime
|
0-0: Foul Ball, location: 2F 0-1: Ball 1-1: Ball 2-1: Fly out, F6 (Popup, 6MS, EV 71.3 MPH)
|
Batting: LHB Pauli Gassinger
|
0-0: Called Strike 0-1: Foul Ball, location: 2F 0-2: Strikes out swinging
|
Batting: RHB Rick Concha
|
0-0: Swinging Strike 0-1: Called Strike 0-2: Ball 1-2: Strikes out swinging
|
Top of the 7th over - 0 runs, 0 hits, 0 errors, 2 left on base; Round Rock 1 - Nashville 2 |
BOTTOM OF THE 7TH |
Nashville Sounds batting - Pitching for Round Rock Express : RHP Dustin Noriega
|
Batting: RHB Dusty Thompson
|
0-0: Ball 1-0: Ball 2-0: Ball 3-0: Swinging Strike 3-1: Base on Balls
|
Batting: SHB Rich Muniz
|
0-0: Ball 1-0: Called Strike 1-1: SINGLE (Groundball, 6D, EV 95.6 MPH) Dusty Thompson to second
|
Batting: RHB Jorge Bernal
|
0-0: Ball 1-0: Bunt missed! 1-1: Bunted foul 1-2: Foul Ball, location: 2F 1-2: Ball 2-2: Foul Ball, location: 2F 2-2: SINGLE (Groundball, 4MD, EV 97.5 MPH) Dusty Thompson to third Rich Muniz to second
|
Batting: RHB Eduardo Chavez
|
0-0: Called Strike 0-1: Grounds into fielders choice 6-2 (Groundball, 6S, EV 65.0 MPH) Rich Muniz to third Jorge Bernal to second
|
Batting: RHB Hyeong-uk Lyang
|
0-0: Ball 1-0: Swinging Strike 1-1: Foul Ball, location: 2F 1-2: Strikes out swinging
|
Batting: RHB D.J. Torres
|
0-0: Called Strike 0-1: Ball 1-1: Ball 2-1: Fielders Choice at 2nd, U6 (Groundball, 6M, EV 98.8 MPH)
|
Bottom of the 7th over - 0 runs, 2 hits, 0 errors, 3 left on base; Round Rock 1 - Nashville 2 |
TOP OF THE 8TH |
Round Rock Express batting - Pitching for Nashville Sounds : LHP Josh Thorpe
|
Pitching: RHP Reynaldo Edwards
|
|
Now at 1B: Zachary DeLuca
|
|
Now at SS: Carlos Lopez
|
|
Batting: RHB Zhi-bin Ou-yang
|
0-0: Ball 1-0: Ground out 4-3 (Groundball, 4, EV 80.0 MPH)
|
Batting: SHB David Simpson
|
0-0: Ball 1-0: Ground out 6-3 (Groundball, 15, EV 89.4 MPH)
|
Batting: RHB Luis Villanueva
|
0-0: Ball 1-0: Foul Ball, location: 2F 1-1: Fly out, F7 (Flyball, 7D, EV 90.0 MPH)
|
Top of the 8th over - 0 runs, 0 hits, 0 errors, 0 left on base; Round Rock 1 - Nashville 2 |
BOTTOM OF THE 8TH |
Nashville Sounds batting - Pitching for Round Rock Express : RHP Dustin Noriega
|
Pitching: LHP Corbett Sweet
|
|
Batting: LHB Zachary DeLuca
|
0-0: Called Strike 0-1: Swinging Strike 0-2: Ball 1-2: Strikes out looking
|
Pitching: LHP Joe Duckworth
|
|
Batting: RHB Robby Godwin
|
0-0: Called Strike 0-1: Fly out, F7 (Flyball, 7, EV 82.5 MPH)
|
Batting: RHB Chris Stillions
|
0-0: Ball 1-0: Ball 2-0: Foul Ball, location: 2F 2-1: Ball 3-1: SOLO HOME RUN (Flyball, 8LXD, EV 111.9 MPH), Distance : 436 ft
|
Batting: RHB Dusty Thompson
|
0-0: Ball 1-0: Swinging Strike 1-1: Foul Ball, location: 2F 1-2: Strikes out looking
|
Bottom of the 8th over - 1 run, 1 hit, 0 errors, 0 left on base; Round Rock 1 - Nashville 3 |
TOP OF THE 9TH |
Round Rock Express batting - Pitching for Nashville Sounds : RHP Reynaldo Edwards
|
Batting: RHB Orlando Suarez
|
0-0: Ball 1-0: Swinging Strike 1-1: Fly out, F7 (Flyball, 78D, EV 101.9 MPH)
|
Batting: SHB Johnny Stables
|
0-0: Foul Ball, location: 2F 0-1: Called Strike 0-2: Ball 1-2: Foul Ball, location: 2F 1-2: Ball 2-2: TRIPLE (Line Drive, 9LD, EV 103.1 MPH)
|
Batting: RHB Ernie Weathersbee
|
0-0: Called Strike 0-1: Called Strike 0-2: Strikes out swinging
|
Pinch Hitting: LHB Jeff Densmore
|
0-0: Ball 1-0: Fly out, F8 (Flyball, 8LS, EV 77.5 MPH)
|
Top of the 9th over - 0 runs, 1 hit, 0 errors, 1 left on base; Round Rock 1 - Nashville 3 |
|